 Dungeon Crawl Stone Soup version 0.27.0-1-g7a089689b8 (webtiles) character file.

Game seed: 10141969696129936161

6202 jasper the Blocker (level 10, 0/81 HPs)
             Began as a Demonspawn Venom Mage on Aug 1, 2021.
             Was an Elder of Ashenzari.
             Slain by a death yak (22 damage)
             ... on level 9 of the Dungeon.
             The game lasted 00:23:23 (13173 turns).

jasper the Blocker (Demonspawn Venom Mage)         Turns: 13173, Time: 00:23:24

Health: 0/81       AC:  6    Str:  9    XL:     10   Next: 61%
Magic:  5/18       EV: 18    Int: 25    God:    Ashenzari [****..]
Gold:   155        SH: 17    Dex: 14    Spells: 3/20 levels left

rFire    . . .     SeeInvis +     - Unarmed
rCold    + . .     Faith    .   d - +0 kite shield "Anxiety of Ashenzari" {Fort, Cun} (curse)
rNeg     + . .     Spirit   .   t - +1 robe "At What Cost Knowledge?" {rN+, Melee, Range} (curse)
rPois    .         Reflect  +   (no helmet)
rElec    .         Harm     .   s - +0 cloak of the Fated Bad Feelings {Melee, Bglg} (curse)
rCorr    .         Rampage  .   (no gloves)
Will     .....     Clarity  +   q - +1 pair of boots "Share My Seeker" {Self, Range} (curse)
Stlth    ++........             i - amulet of reflection
HPRegen  0.23/turn              k - ring "Pangnostic Omen" {rC+, Comp, Fort} (curse)
MPRegen  0.16/turn              o - ring "Negation of Ashenzari" {Int+6, Elem, Bglg} (curse)

@: repel missiles
A: claws 1, repulsion field 3, foul stench 2
a: Renounce Religion, Shatter the Chains


You were on level 9 of the Dungeon.
You worshipped Ashenzari.
Ashenzari was greatly pleased with you.
You visited 2 branches of the dungeon, and saw 10 of its levels.

You collected 428 gold pieces.
You spent 273 gold pieces at shops.

Inventory:

Hand Weapons
 c - a +0 dagger
 f - a +1 short sword of draining
Missiles
 b - 2 throwing nets
 e - 331 stones
 m - 22 poisoned darts
Armour
 a - a +0 robe
 d - the cursed +0 kite shield "Anxiety of Ashenzari" (worn) {Fort, Cun}
   (You found it on level 1 of the Dungeon)

   It has a curse which improves the following skills: Fortitude: Armour and
   Shields.
   Cunning:   Dodging and Stealth.
 q - the cursed +1 pair of boots "Share My Seeker" (worn) {Self, Range}
   (You found it on level 5 of the Dungeon)

   It has a curse which improves the following skills: Introspection: Fighting
   and Spellcasting.
   Ranged Combat: Slings, Bows, Crossbows and Throwing.
 s - the cursed +0 cloak of the Fated Bad Feelings (worn) {Melee, Bglg}
   (You took it off Crazy Yiuf on level 5 of the Dungeon)

   It has a curse which improves the following skills: Melee Combat: Short
   Blades, Long Blades, Axes, Maces & Flails, Polearms, Staves and Unarmed
   Combat.
   Beguiling: Conjurations, Hexes and Translocations.
 t - the cursed +1 robe "At What Cost Knowledge?" (worn) {rN+, Melee, Range}
   (You took it off Blork the orc on level 6 of the Dungeon)

   It has a curse which improves the following skills: Melee Combat: Short
   Blades, Long Blades, Axes, Maces & Flails, Polearms, Staves and Unarmed
   Combat.
   Ranged Combat: Slings, Bows, Crossbows and Throwing.
 w - a +2 robe of cold resistance
 y - a +0 kite shield
 E - a +0 kite shield
 F - +0 steam dragon scales
Jewellery
 i - an amulet of reflection (around neck)
 j - a ring of ice
 k - the cursed ring "Pangnostic Omen" (left claw) {rC+, Comp, Fort}
   (You found it on level 1 of the Dungeon)

   [ring of protection from cold]

   rC:        It protects you from cold.
   It has a curse which improves the following skills: Companions: Summonings
   and Necromancy.
   Fortitude: Armour and Shields.
 l - a ring of fire
 o - the cursed ring "Negation of Ashenzari" (right claw) {Int+6, Elem, Bglg}
   (You found it on level 4 of the Dungeon)

   [ring of intelligence]

   Int:       It affects your intelligence (+6).
   It has a curse which improves the following skills: Elements: Fire Magic, Ice
   Magic, Air Magic and Earth Magic.
   Beguiling: Conjurations, Hexes and Translocations.
 r - a +6 ring of dexterity
 G - a +4 ring of evasion
Wands
 h - a wand of flame (5)
Scrolls
 p - 2 scrolls of teleportation
 v - a scroll of blinking
 z - a scroll of fog
 C - a scroll of amnesia
 D - a scroll of fear
 H - a scroll of immolation
Potions
 g - 3 potions of brilliance
 n - a potion of ambrosia
 u - 2 potions of heal wounds
 x - a potion of haste
 A - 2 potions of curing
 B - a potion of resistance


   Skills:
 + Level 6.0(8.3) Fighting
 + Level 4.8(7.0) Dodging
 - Level 1.7(3.4) Stealth
 * Level 8.9(12.2) Shields
 + Level 3.5(6.6) Unarmed Combat
 - Level 3.6(5.7) Spellcasting
 - Level 2.0(4.6) Conjurations
 + Level 3.6 Transmutations
 - Level 2.0(3.7) Air Magic
 + Level 1.8(3.5) Earth Magic
 - Level 7.0 Poison Magic


You had 3 spell levels left.
You knew the following spells:

 Your Spells              Type           Power      Damage    Failure   Level
a - Sting                 Tmut/Pois      100%       1d8       1%          1
b - Mephitic Cloud        Conj/Pois/Air  32%        N/A       4%          3
c - Olgreb's Toxic Radia  Pois           42%        N/A       6%          4
d - Petrify               Tmut/Erth      25%        N/A       24%         4
e - Irradiate             Conj/Tmut      13%        3d17      47%         5

Your spell library contained the following spells:

 Spells                   Type           Power      Damage    Failure   Level
 Poisonous Vapours        Pois/Air       68%        N/A       1%          2
 Sublimation of Blood     Necr           4%         N/A       14%         2
 Frozen Ramparts          Ice            16%        1d3       28%         3
 Ice Form                 Ice/Tmut       17%        N/A       43%         4
 Summon Ice Beast         Ice/Summ       8%         N/A       67%         4


Dungeon Overview and Level Annotations

Branches:
Dungeon (9/15)             Temple (1/1) D:4            Lair (0/6) D:9
    Orc: D:9-12

Altars:
Ashenzari
Cheibriados
Dithmenos
Elyvilon
Fedhas
Gozag
Hepliaklqana
Kikubaaqudgha
Makhleb
Nemelex Xobeh
Okawaru
Qazlal
Sif Muna
Trog
Uskayaw
Vehumet
Wu Jian
Xom
Yredelemnul
Zin
The Shining One

Shops:
D:8 !


Innate Abilities, Weirdness & Mutations

You have sharp fingernails.
You are surrounded by a strong repulsion field. (EV +4, RMsl)
You sometimes emit foul miasma when damaged in melee.


Message History

Nothing appears to happen.
You block the death yak's attack.
You see here a +0 robe.
Your magical contamination has completely faded away.
You see here a +0 robe.
Casting: Irradiate (quite dangerous; 47% risk of failure)
Confirm with . or Enter, or press ? or * to list all spells.
Aiming: Sting (safe; 1% risk of failure)
Press: ? - help, Shift-Dir - straight line, f - death yak
Aim: a death yak (severely wounded, 92% to hit)
The sting hits the death yak!
The death yak is poisoned.
The death yak is severely wounded.
You block the death yak's attack.
The death yak snorts and paws the ground.
Casting: Sting (safe; 1% risk of failure)
Confirm with . or Enter, or press ? or * to list all spells.
Aiming: Sting (safe; 1% risk of failure)
Press: ? - help, Shift-Dir - straight line, f/p - death yak
Aim: a death yak (severely wounded, poisoned, 92% to hit)
The sting hits the death yak!
The death yak looks even sicker.
The death yak is almost dead.
You see here a +0 robe.
Casting: Sting (safe; 1% risk of failure)
Confirm with . or Enter, or press ? or * to list all spells.
Aiming: Sting (safe; 1% risk of failure)
Press: ? - help, Shift-Dir - straight line, f/p - death yak
Aim: a death yak (almost dead, poisoned, 92% to hit)
The sting hits the death yak but does no damage.
The death yak looks even sicker.
The death yak is almost dead.
The death yak closely misses you.
Casting: Sting (safe; 1% risk of failure)
Confirm with . or Enter, or press ? or * to list all spells.
Aiming: Sting (safe; 1% risk of failure)
Press: ? - help, Shift-Dir - straight line, f/p - death yak
Aim: a death yak (almost dead, poisoned, 92% to hit)
The sting hits the death yak but does no damage.
The death yak looks even sicker.
The death yak is almost dead.
The death yak gores you!!
You die...

###################
##################..
##.@.........÷...>..
##Y#.#.###########..
##.#.#.###########..
##[#.#.# ######..
##.#.#.## ##......
##.#.#.## ##.###.†
##.#.#)### ###.###..
#######...#.#######.###..
,......##.....####..Y###..


You could see a death yak (very poisoned).

Vanquished Creatures
  2 death yaks (D:9)
  Prince Ribbit (D:5)
  Sigmund (D:5)
  9 yaks (D:9)
  Menkaure (D:7)
  A steam dragon (D:8)
  Edmund (D:5)
  An acid dragon (D:9)
  An ice beast (D:7)
  2 sky beasts
  4 orc warriors
  2 black bears
  4 ogres
  A necrophage (D:5)
  3 centaurs
  A phantom (D:3)
  2 bullfrogs
  Blork the orc (D:6)
  A gnoll sergeant (D:4)
  A scorpion (D:5)
  2 killer bees (D:9)
  4 howler monkeys
  2 bullfrog zombies
  2 bullfrog skeletons
  A centaur zombie (D:5)
  3 hounds
  2 centaur skeletons
  A gnoll shaman (D:8)
  Crazy Yiuf (D:5)
  An iguana (D:2)
  Terence (D:3)
  2 orc wizards
  2 killer bee zombies
  A hound skeleton (D:4)
  8 gnolls
  7 adders
  3 shadow imps
  2 ufetubi
  An adder skeleton (D:3)
  A worm (D:3)
  5 dart slugs
  22 orcs
  4 endoplasms
  A giant cockroach (D:1)
  5 hobgoblins
  9 jackals
  2 quokkas
  7 ball pythons
  9 bats
  5 frilled lizards
  6 goblins
  6 kobolds
  2 rats
170 creatures vanquished.

Vanquished Creatures (others)
  A withered plant (D:1)
1 creature vanquished.

Grand Total: 171 creatures vanquished

Notes
Turn   | Place    | Note
-------+----------+-------------------------------------------
     0 | D:1      | jasper the Demonspawn Venom Mage began the quest for the
                  | Orb.
     0 | D:1      | Reached XP level 1. HP: 13/13 MP: 3/3
    75 | D:1      | Reached skill level 1 in Transmutations
   266 | D:1      | Gained mutation: You may rarely emit foul miasma when
                  | damaged in melee. [demonic ancestry]
   266 | D:1      | Reached XP level 2. HP: 18/19 MP: 0/5
   985 | D:1      | Found a faded altar of an unknown god.
  1438 | D:2      | Gained mutation: You sometimes emit foul miasma when
                  | damaged in melee. [demonic ancestry]
  1438 | D:2      | Reached XP level 3. HP: 23/24 MP: 3/6
  1442 | D:2      | Learned a level 3 spell: Mephitic Cloud
  2345 | D:2      | Gained mutation: You have sharp fingernails. [demonic
                  | ancestry]
  2345 | D:2      | Reached XP level 4. HP: 26/30 MP: 5/7
  3250 | D:3      | Found a hazy altar of Hepliaklqana.
  3434 | D:3      | Found a shimmering altar of Xom.
  3441 | D:3      | Found a broken altar of Ashenzari.
  3446 | D:3      | Found a blossoming altar of Fedhas.
  3447 | D:3      | Found a sparkling altar of Nemelex Xobeh.
  3459 | D:3      | Became a worshipper of Ashenzari the Shackled
  3815 | D:3      | Noticed Terence
  3829 | D:3      | Killed Terence
  3830 | D:3      | Reached XP level 5. HP: 18/35 MP: 1/8
  4172 | D:3      | Noticed a phantom
  4733 | D:3      | Reached skill level 5 in Poison Magic
  4889 | D:3      | HP: 1/35 [iguana (11)]
  4905 | D:2      | Reached skill level 1 in Shields
  5205 | D:3      | Learned a level 4 spell: Olgreb's Toxic Radiance
  5916 | D:4      | Noticed an ogre
  6112 | D:4      | Gained mutation: You are surrounded by a mild repulsion
                  | field. (EV +2) [demonic ancestry]
  6112 | D:4      | Reached XP level 6. HP: 41/41 MP: 2/9
  6170 | D:5      | Entered Level 5 of the Dungeon
  6259 | D:5      | Found a runed translucent door.
  6260 | D:5      | Noticed Crazy Yiuf
  6285 | D:5      | Noticed Edmund
  6313 | D:5      | Reached skill level 2 in Shields
  6347 | D:5      | Killed Edmund
  6534 | D:5      | Reached XP level 7. HP: 46/46 MP: 7/10
  6718 | D:5      | Reached skill level 3 in Shields
  7194 | D:5      | Reached skill level 4 in Shields
  7566 | D:5      | Reached skill level 5 in Shields
  7584 | D:5      | Noticed Sigmund
  7598 | D:5      | Killed Sigmund
  7599 | D:5      | Gained mutation: You are surrounded by a moderate repulsion
                  | field. (EV +3) [demonic ancestry]
  7599 | D:5      | Reached XP level 8. HP: 47/52 MP: 7/11
  7938 | D:5      | Killed Crazy Yiuf
  7951 | D:5      | Reached * piety under Ashenzari
  8085 | D:6      | Noticed Prince Ribbit
  8113 | D:5      | Killed Prince Ribbit
  8114 | D:5      | Reached skill level 6 in Shields
  8213 | D:6      | Reached skill level 7 in Shields
  8357 | D:6      | Noticed Blork the orc
  8365 | D:6      | Killed Blork the orc
  8382 | D:5      | Reached ** piety under Ashenzari
  8401 | D:6      | Noticed a two-headed ogre
  8752 | D:6      | Noticed a six-headed hydra
  8854 | D:6      | Identified the +4 mace "Ultimatum" {freeze, Str+2}
  8920 | D:4      | Found a staircase to the Ecumenical Temple.
  8940 | Temple   | Entered the Ecumenical Temple
  9325 | D:4      | Reached skill level 1 in Fighting
  9325 | D:4      | Reached skill level 1 in Conjurations
  9325 | D:4      | Reached skill level 1 in Air Magic
  9369 | D:4      | Gained mutation: You are surrounded by a strong repulsion
                  | field. (EV +4, RMsl) [demonic ancestry]
  9369 | D:4      | Reached XP level 9. HP: 61/62 MP: 2/13
 10543 | D:7      | Found a stormy altar of Qazlal.
 10586 | D:7      | Learned a level 4 spell: Petrify
 10684 | D:7      | Noticed Menkaure
 10803 | D:7      | Killed Menkaure
 11235 | D:7      | Reached *** piety under Ashenzari
 11262 | D:7      | Reached skill level 1 in Unarmed Combat
 12068 | D:8      | Reached skill level 8 in Shields
 12136 | D:8      | Reached **** piety under Ashenzari
 12137 | D:8      | Found Cieqiwuzo's Distillery.
 12142 | D:8      | Bought a potion of curing for 39 gold pieces
 12142 | D:8      | Bought a potion of heal wounds for 65 gold pieces
 12142 | D:8      | Bought a potion of resistance for 130 gold pieces
 12142 | D:8      | Bought a potion of lignification for 39 gold pieces
 12547 | D:9      | Identified the cursed +0 cloak of the Fated Bad Feelings
                  | {Melee, Bglg} (You took it off Crazy Yiuf on level 5 of the
                  | Dungeon)
 12547 | D:9      | Identified the cursed +1 pair of boots "Share My Seeker"
                  | {Self, Range} (You found it on level 5 of the Dungeon)
 12547 | D:9      | Identified the cursed +1 robe "At What Cost Knowledge?"
                  | {rN+, Melee, Range} (You took it off Blork the orc on level
                  | 6 of the Dungeon)
 12718 | D:9      | Noticed a death yak
 12719 | D:9      | Found a staircase to the Lair.
 12722 | D:9      | Noticed a death yak
 12739 | D:9      | Reached skill level 5 in Fighting
 12779 | D:9      | Reached XP level 10. HP: 67/79 MP: 3/18
 12794 | D:9      | Killed a death yak
 13048 | D:9      | Learned a level 5 spell: Irradiate
 13069 | D:9      | Noticed a death yak
 13085 | D:9      | Reached skill level 1 in Earth Magic
 13108 | D:9      | Killed a death yak
 13173 | D:9      | Slain by a death yak

Illustrated notes

Levels and vault maps discovered:
D:1:      lightli_arrival_maybe_door_vault, layout_basic,
          shapermc_ecumenical_altar_gd
D:2:      layout_rooms
D:3:      layout_basic, worldfamousw_hep_ancestral_shrine,
          chequers_temple_overflow_minitemple, uniq_terence
D:4:      layout_cave_pools, minmay_temple_entry_stoned_glass, serial_rivers,
          chequers_serial_rivers_micro_d, chequers_serial_rivers_micro_c,
          chequers_serial_rivers_micro_e, chequers_serial_rivers_small_a,
          chequers_serial_rivers_micro_c, chequers_serial_rivers_micro_e
D:5:      layout_loops_cross, nicolae_elyvilon_temple_path,
          roderic_serpentine_path, uniq_edmund, uniq_sigmund,
          uniq_crazy_yiuf_cottage
D:6:      layout_basic, minivault_22, minmay_misc_feat_secret_circle,
          kb_rosetta, uniq_pikel, uniq_prince_ribbit1, uniq_blork_the_orc
D:7:      layout_cave_pods, lemuel_tele_altar, roderic_malta_cross,
          hangedman_decor_riveting, minmay_stone_trees_medium, uniq_menkaure
D:8:      layout_rooms, serial_shops, nicolae_shop_crystal
D:9:      layout_loops_ring, dpeg_lair_monsters, serial_shops,
          nicolae_lakefront_shop
Temple:   nicolae_temple_figure_eight

Skill      XL: |  1  2  3  4  5  6  7  8  9 10 |
---------------+-------------------------------+-----
Transmutations | 1 2 3 |  3.6
Poison Magic   | 4 5 6 7 |  7.0
Shields        | 1 2 5 7 8 |  8.9
Dodging        | 2 4 |  4.8
Fighting       | 1 5 6 |  6.0
Conjurations   | 1 2 |  2.0
Air Magic      | 1 2 |  2.0
Unarmed Combat | 2 3 |  3.5
Spellcasting   | 3 |  3.6
Earth Magic    | 1 |  1.8
Stealth        | |  1.7

Action                   |  1- 3 |  4- 6 |  7- 9 | 10-12 || total
-------------------------+-------+-------+-------+-------++-------
Melee: Dagger            |    13 |       |       |       ||    13
       Short sword       |     3 |    39 |   106 |       ||   148
       Unarmed           |       |       |    56 |    20 ||    76
Throw: Stone             |     9 |       |       |       ||     9
 Cast: Sting             |    81 |    96 |   132 |     4 ||   313
       Mephitic Cloud    |       |     1 |       |       ||     1
       Olgreb's Toxic Ra |       |       |    26 |     5 ||    31
Invok: Curse Item        |       |     1 |     5 |       ||     6
Evoke: Wand              |       |       |     5 |       ||     5
  Use: Scroll            |     2 |     2 |       |       ||     4
       Potion            |       |     2 |     2 |       ||     4
Armor: Robe              |    13 |    12 |    27 |     1 ||    53
       Skin              |       |       |     2 |       ||     2
Dodge: Dodged            |    46 |    69 |   124 |    13 ||   252
       Repelled          |       |       |     1 |       ||     1
Block: Kite shield       |       |    37 |   217 |    20 ||   274
       Reflection        |       |       |    11 |       ||    11
